 Dungeon Sprint DCSS version 0.17-a0-1882-g750edc8 (webtiles) character file.

18 luca467 the Insei (level 2, -5/25 HPs)
             Began as a Demonspawn Monk on Sept 22, 2015.
             Was a Believer of Dithmenos.
             Killed from afar by a gargoyle (30 damage)
             ... with a stone arrow
             ... in the Dungeon (Sprint IX: "|||||||||||||||||||||||||||||").
             The game lasted 00:02:10 (301 turns).

luca467 the Insei (Demonspawn Monk)                  Turns: 301, Time: 00:02:10

Health: -5/25      AC:  5    Str: 14    XL:     2   Next: 51%
Magic:  2/2        EV: 13    Int: 11    God:    Dithmenos [**....]
Gold:   0          SH:  0    Dex: 15    Spells: 0 memorised, 1 level left

rFire  . . .     SeeInvis .       - Unarmed
rCold  . . .     Clarity  .     a - +0 robe
rNeg   . . .     SustAt   .     (no shield)
rPois  .         Gourm    .     (no helmet)
rElec  .         Spirit   .     m - +0 cloak
rCorr  .         Warding  .     (no gloves)
rMut   .         NoTele   +     (no boots)
MR     .....                    (no amulet)
Stlth  +++.......               o - +2 ring of protection
                                p - +3 ring of strength

@: wreathed by umbra, not resistant to hostile enchantments, fairly stealthy
A: claws 1
a: Shadow Step, Renounce Religion


You were in the Dungeon.
You worshipped Dithmenos.
Dithmenos was pleased with you.
You were not hungry.

You visited 1 branch

Inventory:

Armour
 a - a +0 robe (worn)
 m - a +0 cloak (worn)
 n - a +0 pair of gloves
Jewellery
 o - a +2 ring of protection (right claw)
 p - a +3 ring of strength (left claw)
Magical devices
 l - a wand of draining (7)
Scrolls
 h - 2 scrolls of blinking
 j - 3 scrolls of remove curse
 k - 2 scrolls of amnesia
Potions
 c - 5 potions of curing
 d - 3 potions of heal wounds
 e - a potion of haste
 f - 4 potions of magic
 g - a potion of berserk rage
 i - a potion of invisibility
Comestibles
 b - a bread ration


   Skills:
 + Level 3.8 Fighting
 + Level 3.2 Dodging
 + Level 2.9 Stealth
 * Level 4.7 Unarmed Combat


You had one spell level left.
You didn't know any spells.

Dungeon Overview and Level Annotations

Branches:
Dungeon (1/1)

Altars:
Cheibriados
Dithmenos
Elyvilon
Fedhas
Gozag
Kikubaaqudgha
Makhleb
Nemelex Xobeh
Okawaru
Qazlal
Ru
Sif Muna
Trog
Vehumet
Xom
Yredelemnul
Zin
The Shining One
Beogh
Jiyva
Lugonu


Innate Abilities, Weirdness & Mutations

You have sharp fingernails.


Message History

Okay, then.
Take off which item? (? for menu, Esc to quit)
You start removing your armour.
You continue taking off your +0 pair of gloves. x4
You finish taking off your +0 pair of gloves.
You open the door.
A hound, a steam dragon, a gargoyle, a sky beast, a big kobold and a hill giant come into view.
The hill giant shouts!
The gargoyle barely misses you.
There is an open door to the Dungeon here.
The hound barks!
You scratch the gargoyle but do no damage.
You scratch the gargoyle.
The gargoyle is lightly damaged.
You scratch the gargoyle.
The gargoyle is moderately damaged.
The gargoyle hurls a stone arrow at you.
The stone arrow hits you!
Ouch! That really hurt!
You die... ▓▓▓▓▓▓▓▓▓▓▓▓▓▓▓▓▓▓▓▓▓▓▓▓ +YDKCh9@..[..)|..'______ ▓▓▓▓▓▓▓▓▓▓▓▓▓▓▓▓▓▓▓▓▓▓▓▓

You could see a hill giant, a steam dragon, a gargoyle, a sky beast, a big kobold and a hound.

Vanquished Creatures
  A gnoll (D)
  An orc (D)
  A bat zombie (D)
  A bat (D)
  A giant cockroach (D)
  A giant newt (D)
  A kobold (D)
  A quokka skeleton (D)
  2 rats (D)
10 creatures vanquished.

Notes
Turn   | Place    | Note
--------------------------------------------------------------
     0 | D        | luca467 the Demonspawn Monk began the quest for the Orb.
     0 | D        | Reached XP level 1. HP: 18/18 MP: 1/1
    18 | D        | Reached skill level 4 in Unarmed Combat
    72 | D        | Gained mutation: You have sharp fingernails. [demonic ancestry]
    72 | D        | Reached XP level 2. HP: 14/25 MP: 2/2
   234 | D        | Found a glowing silver altar of Zin.
   234 | D        | Found a glowing golden altar of the Shining One.
   234 | D        | Found an ancient bone altar of Kikubaaqudgha.
   234 | D        | Found a basalt altar of Yredelemnul.
   234 | D        | Found a shimmering altar of Xom.
   234 | D        | Found a radiant altar of Vehumet.
   235 | D        | Found an iron altar of Okawaru.
   236 | D        | Found a burning altar of Makhleb.
   237 | D        | Found a deep blue altar of Sif Muna.
   238 | D        | Found a bloodstained altar of Trog.
   239 | D        | Found a sparkling altar of Nemelex Xobeh.
   240 | D        | Found a white marble altar of Elyvilon.
   241 | D        | Found a roughly hewn altar of Beogh.
   242 | D        | Found a viscous altar of Jiyva.
   243 | D        | Found a corrupted altar of Lugonu.
   244 | D        | Found a blossoming altar of Fedhas.
   245 | D        | Found a snail-covered altar of Cheibriados.
   246 | D        | Found a shadowy altar of Dithmenos.
   247 | D        | Found a stormy altar of Qazlal.
   248 | D        | Found an opulent altar of Gozag.
   249 | D        | Found a sacrificial altar of Ru.
   254 | D        | Became a worshipper of Dithmenos the Shadowed
   254 | D        | Acquired Dithmenos's first power
   297 | D        | Noticed a sky beast
   297 | D        | Noticed a steam dragon
   297 | D        | Noticed a big kobold
   297 | D        | Noticed a hill giant
   297 | D        | Noticed a hound
   297 | D        | Noticed a gargoyle
   301 | D        | Killed from afar by a gargoyle

Vault maps used:
D:        linesprint

Action                   || total
-------------------------++-------
Melee: Unarmed           ||    29
